 Dungeon Crawl Stone Soup version 0.26.1-11-gd32895ea62 (webtiles) character file.

Game seed: 8035816270756479675

601 Zeld the Cruncher (level 7, 0/45 HPs)
             Began as an Octopode Gladiator on May 20, 2021.
             Was an Initiate of Wu Jian.
             Slain by a bullfrog zombie (5 damage)
             ... on level 5 of the Dungeon.
             The game lasted 00:05:09 (5471 turns).

Zeld the Cruncher (Octopode Gladiator)              Turns: 5471, Time: 00:05:10

Health: 0/45       AC:  2    Str: 13    XL:     7   Next: 41%
Magic:  7/7        EV: 14    Int: 10    God:    Wu Jian [......]
Gold:   188        SH:  5    Dex: 16    Spells: 6/6 levels left

rFire    . . .     SeeInvis .   a - +0 quarterstaff
rCold    . . .     Faith    .   (shield currently unavailable)
rNeg     . . .     Spirit   .   e - +1 hat
rPois    .         Reflect  +   t - amulet of reflection
rElec    .         Harm     .   (no ring)
rCorr    .         Rampage  .   (no ring)
Will     .....                  (no ring)
Stlth    ++........             (no ring)
HPRegen  0.15/turn              (no ring)
MPRegen  0.10/turn              (no ring)
                                (no ring)
                                (no ring)

@: no status effects
A: almost no armour, stealthy swim, amphibious, 8 rings, constrict 8, camouflage
1, gelatinous body 1
a: Renounce Religion


You were on level 5 of the Dungeon.
You worshipped Wu Jian.
Wu Jian was noncommittal.
You visited 2 branches of the dungeon, and saw 6 of its levels.

You collected 188 gold pieces.

Inventory:

Hand Weapons
 a - a +0 quarterstaff (weapon)
Missiles
 c - 5 throwing nets (quivered)
Armour
 e - a +1 hat (worn)
Jewellery
 l - a +4 ring of protection {unknown}
 t - an amulet of reflection (around mantle)
Scrolls
 b - a scroll of magic mapping {unknown}
 d - 2 scrolls of amnesia {unknown}
 h - 3 scrolls of identify {unknown}
 i - 2 scrolls of fear {unknown}
 j - 4 scrolls of noise {unknown}
 m - a scroll of fog {unknown}
 n - a scroll of blinking {unknown}
 p - 2 scrolls of teleportation {unknown}
 q - 2 scrolls of immolation {unknown}
 r - 2 scrolls of remove curse {unknown}
 u - a scroll of random uselessness {unknown}
 v - a scroll of enchant weapon {unknown}
Potions
 f - 2 potions of brilliance {unknown}
 g - a potion of heal wounds {unknown}
 k - a potion of attraction {unknown}
 o - a potion of curing {unknown}
 s - a potion of lignification {unknown}
 w - a potion of degeneration {unknown}
 x - a potion of magic {unknown}
 z - a potion of flight {unknown}


   Skills:
 - Level 2.0 Fighting
 * Level 8.4 Staves
 - Level 2.0 Throwing
 - Level 3.0 Dodging


You had 6 spell levels left.
You didn't know any spells.
Your spell library contained the following spells:

 Spells                   Type           Power        Failure   Level
 Confusing Touch          Hex            0%           75%         3
 Gell's Gravitas          Tloc           0%           75%         3
 Petrify                  Tmut/Erth      0%           98%         4
 Metabolic Englaciation   Hex/Ice        0%           100%        5
 Yara's Violent Unravell  Hex/Tmut       0%           100%        5


Dungeon Overview and Level Annotations

Branches:
Dungeon (5/15)             Temple (1/1) D:4

Altars:
Ashenzari
Cheibriados
Dithmenos
Elyvilon
Fedhas
Gozag
Hepliaklqana
Makhleb
Nemelex Xobeh
Okawaru
Qazlal
Ru
Sif Muna
Trog
Uskayaw
Vehumet
Wu Jian
Xom
Yredelemnul
Zin
The Shining One

Annotations:
D:3 1 runed translucent door, JuniperTheExplorer's ghost, amateur NaFi


Innate Abilities, Weirdness & Mutations

You cannot wear most types of armour.
You are very stealthy in the water. (Stealth+)
You are amphibious.
You can wear up to eight rings at the same time.
You can use your tentacles to constrict eight enemies at once.
Your skin changes colour to match your surroundings (Stealth+).
Your rubbery body absorbs attacks. (AC +1, EV +1)


Message History

* * * LOW HITPOINT WARNING * * *
You hit the adder. You grab the adder.
The adder is severely wounded.
You constrict the adder. The adder bites you.
* * * LOW HITPOINT WARNING * * *
You sock the adder!
You kill the adder!
The Council accepts your kill.
Unknown command.
The bullfrog zombie barely misses you.
Things that are here:
a +0 shortbow; 9 arrows; a centaur corpse The bullfrog zombie barely misses you.
The bullfrog zombie hits you.
* * * LOW HITPOINT WARNING * * *
The bullfrog zombie hits you.
* * * LOW HITPOINT WARNING * * *
There is a stone staircase leading up here.
The bullfrog zombie hits you.
You die...

#.. .... #.##.#####.# #.# .# #
#..####..........####.# .# #
#..#.......####.......###.# #
#..#.##.#..# #.?###.....†#.
######..#.##.#..# #..####.......
....<.....##.#..# #.............
######.#####.#..####........#####
# #.# #(#.......#####.##
######.#####.##.@Z.......).#
.(...........###############
##############


You could see a bullfrog zombie.

Vanquished Creatures
  An ogre (D:4)
  A centaur (D:5)
  An orc priest (D:4)
  A jelly (D:5)
  2 iguanas (D:4)
  6 worker ants
  A hound skeleton (D:4)
  8 adders
  A shadow imp (D:5)
  An ooze (D:1)
  2 adder skeletons (D:4)
  A worm (D:3)
  2 dart slugs
  5 orcs (D:3)
  10 bats
  7 giant cockroaches
  6 goblins
  8 hobgoblins
  8 jackals
  9 kobolds
  A quokka (D:4)
  4 frilled lizards
  A leopard gecko zombie (D:5)
  7 rats
94 creatures vanquished.

Notes
Turn   | Place    | Note
-------+----------+-------------------------------------------
     0 | D:1      | Zeld the Octopode Gladiator began the quest for the Orb.
     0 | D:1      | Reached XP level 1. HP: 14/14 MP: 1/1
   134 | D:1      | Reached XP level 2. HP: 19/19 MP: 2/2
   380 | D:1      | Reached skill level 4 in Staves
   472 | D:1      | Reached XP level 3. HP: 24/24 MP: 3/3
  1215 | D:2      | You fall into a shaft and drop 1 floor!
  1224 | D:3      | Found a runed translucent door.
  1224 | D:3      | Noticed JuniperTheExplorer's ghost (amateur NaFi)
  1610 | D:3      | Reached XP level 4. HP: 29/29 MP: 4/4
  1947 | D:2      | Reached skill level 5 in Staves
  2645 | D:3      | Reached XP level 5. HP: 34/34 MP: 5/5
  3434 | D:4      | Reached skill level 6 in Staves
  3655 | D:4      | Reached XP level 6. HP: 31/39 MP: 6/6
  4127 | D:4      | Reached skill level 7 in Staves
  4655 | D:4      | Found a staircase to the Ecumenical Temple.
  4679 | Temple   | Entered the Ecumenical Temple
  4850 | Temple   | Became a worshipper of the Wu Jian Council
  5019 | D:4      | Reached XP level 7. HP: 45/45 MP: 7/7
  5269 | D:5      | Entered Level 5 of the Dungeon
  5370 | D:5      | Reached skill level 8 in Staves
  5471 | D:5      | Slain by a bullfrog zombie

Illustrated notes

Levels and vault maps discovered:
D:1:      nagdon_arrival_zigzag_paths, layout_basic
D:2:      layout_basic
D:3:      layout_loops_ring, hellmonk_ghost_happy_afterlife
D:4:      layout_rooms, minmay_temple_entry_proselytizer,
          chequers_serial_rivers_micro_b
D:5:      layout_loops_ring, portal_sewer_entry_b
Temple:   kilobyte_greek_temple

Skill      XL: |  1  2  3  4  5  6  7 |
---------------+----------------------+-----
Staves         | 4 5 6 7 8 |  8.4
Fighting       | |  2.0
Throwing       | |  2.0
Dodging        | |  3.0

Action                   |  1- 3 |  4- 6 |  7- 9 || total
-------------------------+-------+-------+-------++-------
Melee: Quarterstaff      |    45 |   120 |    22 ||   187
       Constrict         |    10 |    30 |     2 ||    42
       Tentacles         |     8 |    32 |     3 ||    43
Invok: Lunge             |       |       |     2 ||     2
 Stab: Sleeping          |     8 |     7 |     4 ||    19
       Distracted        |       |     2 |       ||     2
Armor: Skin              |     2 |    15 |       ||    17
Dodge: Dodged            |    30 |    86 |     9 ||   125
Block: Other             |       |    17 |     2 ||    19
